 Dungeon Crawl Stone Soup version 0.30.0-29-ga12c61a403 (webtiles) character file.

Game seed: 17873445330608442085

1435 cheesebisquit the Ruffian (level 8, -6/79 HPs)
             Began as a Troll Fighter on June 15, 2023.
             Was an Initiate of Wu Jian.
             Mangled by a yak (15 damage)
             ... on level 8 of the Dungeon.
             The game lasted 00:08:42 (4503 turns).

cheesebisquit the Ruffian (Troll Fighter)           Turns: 4503, Time: 00:08:42

Health: -6/79      AC:  4    Str: 31    XL:     8   Next: 45%
Magic:  7/7        EV:  9    Int:  6    God:    Wu Jian [......]
Gold:   437        SH:  8    Dex:  9    Spells: 7/7 levels left

rFire   + .          .
                       - Unarmed
rCold   . . .        u - +0 kite shield {rF+}
rNeg    . . .        a - +0 robe
rPois   .            (helmet restricted)
rElec   .            (no cloak)
rCorr   .            (gloves unavailable)
SInv    .            (boots unavailable)
Will    +....        E - amulet of the acrobat
Stlth   +            e - ring of willpower
HPRegen 1.13/turn    B - +6 ring of strength
MPRegen 0.10/turn

%: acrobat
@: mighty
A: large, unfitting armour, claws 3, regeneration 1, shaggy fur 1, tough skin 1
a: Renounce Religion


You were on level 8 of the Dungeon.
You worshipped Wu Jian.
Wu Jian was noncommittal.
You visited 2 branches of the dungeon, and saw 9 of its levels.

You collected 437 gold pieces.

Inventory:

Hand Weapons
 i - a +0 short sword of venom
 x - a +0 giant spiked club
Missiles
 k - 4 poisoned darts (quivered)
 G - a silver boomerang
Armour
 a - a +0 robe (worn)
 u - a +0 kite shield of fire resistance (worn)
Jewellery
 e - a ring of willpower (left claw)
 B - a +6 ring of strength (right claw)
 E - an amulet of the acrobat (around neck)
Wands
 y - a wand of light (8)
 F - a wand of mindburst (4)
Scrolls
 b - 3 scrolls of noise {unknown}
 f - a scroll of poison {unknown}
 h - a scroll of torment {unknown}
 j - 5 scrolls of teleportation {unknown}
 m - a scroll of fear {unknown}
 n - 7 scrolls of identify {unknown}
 o - a scroll of enchant armour {unknown}
 p - 3 scrolls of magic mapping {unknown}
 r - a scroll of summoning {unknown}
 t - 2 scrolls of vulnerability {unknown}
 w - 2 scrolls of blinking {unknown}
Potions
 c - a potion of might
 d - 4 potions of mutation {unknown}
 g - a potion of resistance {unknown}
 l - 4 potions of brilliance {unknown}
 q - a potion of cancellation {unknown}
 s - 2 potions of flight {unknown}
 v - a potion of heal wounds {unknown}
 z - a potion of berserk rage {unknown}
 A - 2 potions of curing {unknown}
 D - a potion of ambrosia {unknown}
Miscellaneous
 C - a phial of floods


   Skills:
 + Level 4.9 Fighting
 - Level 2.4 Dodging
 + Level 5.4 Shields
 * Level 7.7 Unarmed Combat


You had 7 spell levels left.
You didn't know any spells.
Your spell library contained the following spells:

 Spells                   Type           Power      Damage    Failure   Level
 Beastly Appendage        Tmut           0%         N/A       65%         1
 Necrotise                Necr           0%         1d4       65%         1
 Slow                     Hex            0%         N/A       65%         1
 Summon Small Mammal      Summ           0%         N/A       65%         1
 Wereblood                Tmut           0%         N/A       78%         2
 Call Canine Familiar     Summ           0%         N/A       95%         3
 Confusing Touch          Hex            0%         N/A       95%         3
 Spider Form              Tmut/Pois      0%         N/A       95%         3
 Summon Guardian Golem    Hex/Summ       0%         N/A       95%         3
 Vampiric Draining        Necr           0%         2d6       95%         3
 Vhi's Electric Charge    Tloc/Air       0%         N/A       95%         3
 Agony                    Necr           0%         N/A       100%        5
 Arcjolt                  Conj/Air       0%         1d10      100%        5
 Plasma Beam              Fire/Air       0%         2x1d11    100%        6


Dungeon Overview and Level Annotations

Branches:
Dungeon (8/15)             Temple (1/1) D:6
   Lair: D:8-11

Altars:
Ashenzari
Cheibriados
Dithmenos
Elyvilon
Fedhas
Hepliaklqana
Kikubaaqudgha
Makhleb
Nemelex Xobeh
Qazlal
Ru
Sif Muna
Trog
Uskayaw
Vehumet
Wu Jian
Xom
Yredelemnul
Zin
The Shining One

Annotations:
D:8 Maurice


Innate Abilities, Weirdness & Mutations

You are too large for most types of armour.
You have claws for hands.
Your natural rate of healing is unusually fast.
You are covered in fur. (AC +1)
You have tough skin. (AC +1)


Message History

The yak bellows!
Found a scroll labelled DEULOC TOILAA, a ring of willpower and 10 gold pieces.
There is a stone staircase leading up here.
You throw a poisoned dart. The poisoned dart hits the yak.
The yak is poisoned.
A yak comes into view.
You throw a poisoned dart. The poisoned dart hits the yak.
The yak is lightly wounded.
A yak comes into view.
You throw a poisoned dart. The poisoned dart hits the yak.
The yak is lightly wounded.
The yak bellows!
You throw a poisoned dart. The poisoned dart hits the yak.
The yak looks even sicker.
The yak is lightly wounded.
You lunge at the yak.
You claw the yak!
The yak is heavily wounded.
You block the yak's attack.
You mangle the yak!!
You kill the yak!
The Council accepts your kill. The yak gores you!
You lunge at the yak.
You scratch the yak.
The yak is lightly wounded.
The yak gores you. You block the yak's attack.
You see here a yak corpse.
You mangle the yak!!
The yak is severely wounded.
The yak gores you! x2
You barely miss the yak.
The yak is severely wounded.
The yak gores you! The yak gores you.
* * * LOW HITPOINT WARNING * * *
You feel very mighty all of a sudden. The yak closely misses you. x2
You claw the yak!
The yak is almost dead.
The yak gores you!
* * * LOW HITPOINT WARNING * * *
The yak gores you!
You die...

.### ....### ###
.......## ##..#
........##...####
............#...#
.................
.................
.......<.@Y((.(..
.........Y.......
.................
....$......###...
...........# #.
...........#
...........#
...........#


You could see 2 yaks.

Vanquished Creatures
  Sigmund (D:5)
  A yak (D:8)
  A water moccasin (D:6)
  An ogre (D:5)
  3 centaurs
  A bullfrog (D:7)
  A scorpion (D:5)
  3 hounds
  A jelly (D:6)
  2 orc priests
  2 sleepcaps
  An iguana (D:6)
  4 orc wizards
  A gnoll (D:5)
  4 adders
  A shadow imp (D:6)
  3 white imps
  3 worms
  3 dart slugs
  13 orcs
  4 endoplasms
  8 goblins
  5 hobgoblins
  5 jackals
  6 kobolds
  2 quokkas
  2 ball pythons (D:4)
  3 bats
  2 frilled lizards
  3 rats
90 creatures vanquished.

Vanquished Creatures (others)
  A sky beast (D:6)
1 creature vanquished.

Grand Total: 91 creatures vanquished

Notes
Turn   | Place    | Note
-------+----------+-------------------------------------------
     0 | D:1      | cheesebisquit the Troll Fighter began the quest for the
                  | Orb.
     0 | D:1      | Reached XP level 1. HP: 22/22 MP: 0/0
    71 | D:1      | You fall into a shaft and drop 1 floor!
   243 | D:2      | Reached XP level 2. HP: 29/29 MP: 1/1
   969 | D:1      | Found a faded altar of an unknown god.
  1395 | D:3      | Reached skill level 3 in Unarmed Combat
  1395 | D:3      | Reached XP level 3. HP: 36/36 MP: 2/2
  1589 | D:3      | Found a stormy altar of Qazlal.
  2001 | D:4      | Reached XP level 4. HP: 43/44 MP: 3/3
  2325 | D:4      | Found a hide-covered altar of Uskayaw.
  2329 | D:4      | Found a snail-covered altar of Cheibriados.
  2367 | D:4      | Found a broken altar of Ashenzari.
  2368 | D:4      | Found a bloodstained altar of Trog.
  2438 | D:5      | Entered Level 5 of the Dungeon
  2538 | D:5      | Noticed Sigmund
  2546 | D:5      | Killed Sigmund
  2546 | D:5      | Noticed a centaur
  2547 | D:5      | Reached skill level 4 in Unarmed Combat
  2547 | D:5      | Reached XP level 5. HP: 37/53 MP: 4/4
  2547 | D:5      | Reached XP level 6. HP: 43/61 MP: 5/5
  2621 | D:5      | Reached skill level 5 in Unarmed Combat
  2761 | D:5      | Found a sacrificial altar of Ru.
  2776 | D:5      | Reached XP level 7. HP: 62/68 MP: 6/6
  3285 | D:6      | Reached skill level 6 in Unarmed Combat
  3351 | D:6      | Found a hazy altar of Hepliaklqana.
  3606 | D:6      | Found a staircase to the Ecumenical Temple.
  3615 | Temple   | Entered the Ecumenical Temple
  3676 | Temple   | Became a worshipper of the Wu Jian Council
  3724 | D:6      | Reached skill level 5 in Shields
  3724 | D:6      | Reached skill level 7 in Unarmed Combat
  3724 | D:6      | Reached XP level 8. HP: 79/79 MP: 7/7
  4056 | D:7      | Found a sparkling altar of Nemelex Xobeh.
  4440 | D:8      | Noticed Maurice
  4503 | D:8      | Mangled by a yak

Illustrated notes

Levels and vault maps discovered:
D:1:      psy_arrival_radial02, layout_loops_ring,
          dreamdust_ecumenical_altar_hidden_monk_grotto
D:2:      layout_basic
D:3:      layout_basic, lemuel_crystal_altar, reono_crystal_passage
D:4:      layout_cave_pools, nicolae_overflow_hidden_temple
D:5:      layout_loops_ring, nicolae_ru_sacrificial_ziggurat,
          chequers_mini_garden, minmay_checkerbox, uniq_sigmund
D:6:      layout_rooms, lemuel_crystal_altar, minmay_temple_entry_butterflies
D:7:      layout_basic, nemelex_diamond_rough_becter, interstate_on_off
D:8:      layout_cave_pods, uniq_maurice, uniq_psyche
Temple:   nicolae_temple_x_marks_the_god

Skill      XL: |  1  2  3  4  5  6  7 |
---------------+----------------------+-----
Shields        | 3 4 5 |  5.4
Unarmed Combat | 3 4 5 7 |  7.7
Fighting       | 3 4 |  4.9
Dodging        | |  2.4

Action                     |  1- 3 |  4- 6 |  7- 9 || total
---------------------------+-------+-------+-------++-------
  Melee: Unarmed           |    82 |    85 |    95 ||   262
  Throw: Dart              |       |       |     8 ||     8
Ability: Lunge             |       |       |     5 ||     5
    Use: Potion            |       |     1 |     1 ||     2
   Stab: Sleeping          |     1 |     2 |       ||     3
 Armour: Robe              |    30 |    23 |    18 ||    71
  Dodge: Dodged            |    22 |    25 |    41 ||    88
  Block: Kite shield       |    22 |    26 |    41 ||    89
